Map: Terraform LE (Void)

Players

Toons

  • Race: Protoss Protoss
  • League: Silver

BarnMucker - Winner!

  • Race: Terran Terran
  • League: Grandmaster

VOD

Have the link to the VOD?

Description

Time

  • Played on: Aug. 4, 2015, 7:54 p.m.
  • Length: 14:44
Show
View Real Time Build Order
Export as new Build Order

Toons Protoss 

Build Orders:  

Get SALT Encoding   

  12  0:02  Probe  
  13  0:14  Probe  
  13  0:18  Pylon  
  14  0:30  Assimilator  
  14  0:36  Probe (Chrono Boost)  
  14  0:40  Gateway  
  15  0:48  Probe (Chrono Boost)  
  16  0:56  Probe (Chrono Boost)  
  17  1:05  Probe (Chrono Boost)  
  18  1:15  Probe (Chrono Boost), Pylon  
  19  1:28  Cybernetics Core  
  19  1:31  Probe  
  20  1:35  Zealot  
  22  1:43  Probe  
  23  1:55  Gateway  
  23  1:57  Gateway  
  23  2:05  Mothership Core, Warp Gate (Chrono Boost)  
  25  2:22  Assimilator  
  25  2:26  Probe  
  26  2:31  Pylon  
  26  2:39  Adept  
  26  2:43  Adept  
  30  2:49  Adept  
  30  2:50  Probe  
  33  2:51  Pylon  
  33  3:03  Probe  
  34  3:12  Pylon  
  32  3:32  Nexus  
  32  3:52  Adept  
  32  3:53  Adept x2  
  38  4:02  Probe  
  35  4:14  Probe  
  34  4:20  Stalker  
  34  4:21  Stalker  
  38  4:29  Stalker  
  38  4:30  Probe  
  39  4:43  Probe  
  36  4:54  Zealot  
  36  4:55  Zealot x2  
  36  5:09  Probe x2  
  36  5:13  Assimilator  
  38  5:14  Assimilator  
  38  5:20  Robotics Facility  
  38  5:28  Stalker x2  
  42  5:29  Stalker  
  40  6:01  Zealot x3  
  42  6:16  Probe x2  
  38  6:28  Probe x2  
  38  6:29  Forge  
  38  6:33  Pylon  
  36  6:40  Probe, Warp Prism (Chrono Boost)  
  36  6:41  Probe  
  36  6:46  Pylon  
  40  6:51  Gateway  
  40  6:52  Probe  
  40  6:53  Probe  
  42  6:55  Gateway  
  42  7:03  Protoss Ground Weapons Level 1 (Chrono Boost)  
  42  7:05  Probe x2  
  42  7:07  Gateway, Pylon  
  44  7:13  Pylon  
  44  7:17  Probe x2  
  44  7:21  Sentry x3  
  52  7:23  Immortal (Chrono Boost)  
  55  7:50  Adept x3  
  61  7:56  Immortal (Chrono Boost)  
  60  8:13  Zealot x2  
  60  8:14  Zealot  
  62  8:54  Zealot x3  
  62  8:55  Zealot  
  68  9:02  Immortal  
  72  9:07  Protoss Ground Armor Level 1 (Chrono Boost)  
  72  9:14  Immortal  
  72  9:27  Stalker x4  
  72  9:28  Stalker x2  
  72  9:31  Probe x2  
  86  9:37  Nexus  
  76  10:04  Probe x2  
  75  10:08  Adept  
  75  10:09  Adept x5  
  78  10:45  Pylon  
  78  10:47  Assimilator  
  78  10:53  Assimilator  
  78  11:10  Zealot x2  
  78  11:11  Zealot x4  
  54  11:43  Probe (Chrono Boost)  
  57  11:52  Probe x2 (Chrono Boost)  
  57  11:54  Probe (Chrono Boost)  
  52  11:55  Immortal (Chrono Boost)  
  52  11:59  Probe (Chrono Boost)  
  52  12:00  Probe  
  56  12:05  Gateway  
  56  12:06  Pylon  
  56  12:12  Probe (Chrono Boost)  
  57  12:19  Stalker x3  
  57  12:20  Stalker x2  
  68  12:22  Probe (Chrono Boost)  
  69  12:30  Probe  
  69  12:34  Immortal (Chrono Boost)  
  73  12:39  Twilight Council  
  73  12:42  Probe  
  74  12:51  Zealot x3  
  76  12:52  Zealot x3  
  84  13:21  Probe (Chrono Boost)  
  85  13:29  Photon Cannon  
  85  13:31  Probe (Chrono Boost), Photon Cannon  
  85  13:33  Photon Cannon  
  83  13:36  Adept x5  
  83  13:37  Adept x2  
  83  13:38  Probe  
  96  13:50  Probe  
  93  14:00  Zealot x3  
  93  14:01  Zealot x2  
  93  14:02  Probe  
  88  14:22  Probe (Chrono Boost)  
  87  14:25  Sentry x2  
  87  14:26  Sentry x4  
  98  14:32  Probe (Chrono Boost)  
Show
View Real Time Build Order
Export as new Build Order

BarnMucker Terran - Winner!

Build Orders: Cyclone Opening, Siege Tank Drop 

Get SALT Encoding   

  12  0:01  SCV  
  13  0:13  SCV  
  14  0:18  Supply Depot  
  14  0:25  SCV  
  15  0:40  SCV  
  16  0:44  Barracks  
  16  0:52  SCV  
  16  0:57  Refinery  
  17  1:03  Refinery  
  17  1:04  SCV  
  18  1:16  SCV  
  19  1:32  Orbital Command  
  19  1:34  Marine  
  20  1:44  Factory  
  20  1:59  Supply Depot  
  20  2:01  Barracks Tech Lab  
  20  2:02  SCV  
  21  2:14  SCV  
  22  2:26  SCV  
  23  2:30  Marine  
  23  2:35  Cyclone  
  27  2:38  SCV  
  28  2:44  Supply Depot  
  28  2:50  SCV  
  29  2:56  Command Center  
  29  2:57  Barracks Tech Lab  
  29  3:02  SCV  
  29  3:04  Starport  
  30  3:11  Supply Depot  
  30  3:19  Marauder  
  31  3:27  SCV  
  31  3:28  Widow Mine  
  34  3:39  SCV  
  34  3:40  Barracks  
  34  3:51  SCV  
  34  3:53  Marauder  
  35  4:11  Medivac  
  35  4:12  Siege Tank  
  35  4:13  Marine  
  41  4:32  Marauder  
  40  4:42  Orbital Command  
  37  4:53  Marine  
  34  5:11  Marauder  
  36  5:19  Medivac  
  36  5:20  Barracks Tech Lab  
  35  5:30  Siege Tank  
  35  5:32  Marine  
  39  5:41  Marauder  
  37  5:50  Marauder  
  37  5:55  Medivac  
  34  6:11  Marauder  
  36  6:25  Medivac  
  35  6:33  Marauder x2  
  35  6:35  SCV  
  40  6:52  Refinery  
  40  6:55  SCV  
  40  6:56  Starport Reactor  
  40  6:58  Barracks x2  
  41  7:03  Marine  
  41  7:04  SCV, Marauder  
  45  7:21  Marauder  
  47  7:24  Siege Tank  
  51  7:30  SCV  
  51  7:42  SCV  
  52  7:44  Refinery  
  52  7:46  SCV  
  53  7:54  SCV  
  53  7:58  SCV  
  55  8:06  SCV  
  55  8:11  Marauder, Marine  
  55  8:12  Siege Tank  
  62  8:17  Supply Depot  
  62  8:18  Supply Depot, SCV x2, Medivac  
  62  8:19  Marauder, Marine  
  67  8:30  SCV x2  
  65  8:55  Marauder  
  65  9:07  Marine x2  
  65  9:08  Marauder  
  65  9:09  Medivac  
  73  9:17  Marauder  
  73  9:19  SCV  
  73  9:20  SCV  
  75  9:31  SCV  
  75  9:32  SCV  
  77  9:44  SCV x2  
  79  9:51  Marauder, Marine x2  
  79  9:52  Marauder  
  85  9:56  SCV  
  86  10:14  SCV  
  86  10:15  Marauder x2  
  86  10:16  Siege Tank  
  86  10:39  Marauder x2, SCV, Medivac x2, Supply Depot, Marine x2  
  86  10:40  Supply Depot  
  86  10:41  Stimpack  
  86  10:42  Concussive Shells  
  97  10:48  Siege Tank  
  100  10:52  SCV x2  
  102  11:01  Marauder x2, Marine x2  
  102  11:02  Supply Depot  
  102  11:03  Supply Depot  
  108  11:04  SCV  
  108  11:09  Viking x2  
  108  11:19  Marine x2  
  108  11:23  Marauder  
  85  11:36  Marine, Marauder  
  85  11:37  Siege Tank  
  83  11:58  Marauder, Marine  
  83  12:00  SCV  
  87  12:08  Marine  
  87  12:09  Marauder  
  90  12:16  Marine  
  90  12:18  Siege Tank  
  90  12:19  Medivac x2  
  98  12:24  Marauder  
  98  12:26  Marine  
  101  12:30  Marauder  
  101  12:33  Marine  
  104  12:44  Marine  
  104  12:45  Marauder  
  110  12:51  Marine  
  110  12:52  Marauder  
  110  12:53  Medivac  
  110  12:55  SCV  
  116  13:02  Marine  
  117  13:07  Marauder  
  116  13:18  Marine  
  116  13:19  Marauder  
  116  13:36  Medivac, Marine  
  116  13:40  Marauder  
  116  13:48  Marine  
  115  14:02  Marauder  
  114  14:04  Marine  
  114  14:06  Marine  
Tags
 
Add a new tag
Caveats
  • Supply blocks, unpowered buildings, or Contaminate may cause inaccurate times.
  • Supply counts are checked every 10 seconds.